 Dungeon Crawl Stone Soup version 0.18.1-50-g88ac8fd (webtiles) character file.

121 thewizardguy the Ruffian (level 4, -2/41 HPs)
             Began as a Minotaur Monk on Oct 2, 2016.
             Was a Follower of Ru.
             Killed from afar by thewizardguy's ghost (8 damage)
             ... with a magic dart
             ... on level 3 of the Dungeon.
             The game lasted 00:13:39 (1969 turns).

thewizardguy the Ruffian (Minotaur Monk)            Turns: 1969, Time: 00:13:39

Health: -2/41      AC:  2    Str: 16    XL:     4   Next: 76%
Magic:  3/3        EV: 21    Int:  7    God:    Ru [*.....]
Gold:   82         SH:  0    Dex: 13    Spells: 0 memorised, 3 levels left

rFire  . . .     SeeInvis .     h - +1 spear
rCold  . . .     Gourm    .     a - +0 robe
rNeg   . . .     Faith    .     (no shield)
rPois  .         Spirit   .     (helmet restricted)
rElec  .         Dismiss  .     (no cloak)
rCorr  .         Reflect  .     (no gloves)
SustAt .         Harm     .     (no boots)
MR     .....                    (no amulet)
Stlth  ++........               d - +3 ring of evasion
                                l - +4 ring of evasion

@: not resistant to hostile enchantments, unstealthy
A: retaliatory headbutt, horns 2, hated by all
a: Renounce Religion


You were on level 3 of the Dungeon.
You worshipped Ru.
Ru was aware of your devotion.
You were very hungry.

You visited 1 branch of the dungeon, and saw 3 of its levels.

You collected 82 gold pieces.

Inventory:

Hand Weapons
 c - a +0 club
 h - a +1 spear (weapon)
 o - a +0 trident
 t - a +0 club
Armour
 a - a +0 robe (worn)
 j - a +0 leather armour
Jewellery
 d - a +3 ring of evasion (right hand)
 l - a +4 ring of evasion (left hand)
Scrolls
 k - a scroll of random uselessness {unknown}
 p - 2 scrolls of recharging
 r - a scroll of enchant armour {unknown}
Potions
 e - a potion of mutation {unknown}
 i - a potion of heal wounds {unknown}
 m - a potion of agility {unknown}
 q - a potion of cure mutation {unknown}
 s - a potion of brilliance {unknown}
Comestibles
 b - 3 bread rations
 f - a meat ration
 g - a beef jerky
 n - 2 fruits


   Skills:
 + Level 4.4 Fighting
 + Level 4.3 Dodging
 + Level 2.5 Stealth
 + Level 5.0 Unarmed Combat


You had 3 spell levels left.
You didn't know any spells.

Dungeon Overview and Level Annotations

Branches:
Dungeon (3/15)

Altars:
Cheibriados
Ru

Annotations:
D:3 thewizardguy's ghost, amateur DrCj


Innate Abilities, Weirdness & Mutations

You reflexively headbutt those who attack you in melee.
You have a pair of horns on your head.
You are hated by all.


Message History

Press: ? - help, v - describe, . - travel
Here: thewizardguy's ghost The floor.
You hit thewizardguy's ghost but do no damage.
Thewizardguy's ghost points at you and mumbles some strange words.
The magic dart hits you!
* * * LOW HITPOINT WARNING * * *
You hit thewizardguy's ghost. You headbutt thewizardguy's ghost.
Thewizardguy's ghost is moderately damaged.
Thewizardguy's ghost barely misses you.
You hit thewizardguy's ghost but do no damage.
Your headbutt misses thewizardguy's ghost.
Thewizardguy's ghost is moderately damaged.
Thewizardguy's ghost hits you!
* * * LOW HITPOINT WARNING * * *
You miss thewizardguy's ghost.
Thewizardguy's ghost is moderately damaged.
Thewizardguy's ghost casts a spell at you.
The magic dart hits you!
You die...

.. ##. . #...# ...
.#### #.# ....# #..
#.# #.#.##### ##..
##.###.#...[..
##..######...##.#.?.#
.............##..W<.#
...#######>.....@#
...#######....####
............###
.....###...........
.#...# ############
.###....# .# ####...
.# #.. ## .


You could see thewizardguy's ghost.

Vanquished Creatures
  A worker ant (D:3)
  4 gnolls (D:3)
  An adder (D:2)
  A worm (D:2)
  3 dart slugs
  2 giant geckos
  An orc (D:3)
  3 giant cockroaches (D:1)
  3 goblins
  3 hobgoblins
  2 jackals (D:2)
  A quokka (D:2)
  A ball python (D:3)
  5 bats
  A giant newt (D:1)
  4 kobolds
  7 rats
43 creatures vanquished.

Notes
Turn   | Place    | Note
--------------------------------------------------------------
     0 | D:1      | thewizardguy the Minotaur Monk began the quest for the Orb.
     0 | D:1      | Reached XP level 1. HP: 19/19 MP: 0/0
   218 | D:1      | Reached XP level 2. HP: 24/27 MP: 1/1
   724 | D:2      | Reached XP level 3. HP: 33/33 MP: 2/2
  1618 | D:3      | Found a snail-covered altar of Cheibriados.
  1688 | D:3      | Reached XP level 4. HP: 40/40 MP: 3/3
  1808 | D:3      | Reached skill level 5 in Unarmed Combat
  1835 | D:3      | Found a sacrificial altar of Ru.
  1859 | D:3      | Became a worshipper of Ru the Awakened
  1865 | D:3      | Gained mutation: You are hated by all. [Ru sacrifice]
  1865 | D:3      | Reached * piety under Ru
  1961 | D:3      | Noticed thewizardguy's ghost (amateur DrCj)
  1969 | D:3      | Killed from afar by thewizardguy's ghost

Skill      XL: |  1  2  3  4 |
---------------+-------------+-----
Fighting       | 4 |  4.4
Stealth        | 2 |  2.5
Dodging        | 4 |  4.3
Unarmed Combat | 5 |  5.0

Action                   |  1- 3 |  4- 6 || total
-------------------------+-------+-------++-------
Melee: Club              |    37 |       ||    37
       Headbutt          |    10 |     5 ||    15
       Spear             |    52 |    17 ||    69
       Punch             |     2 |     1 ||     3
Invok: Sacrifice Love    |       |     1 ||     1
  Use: Scroll            |     3 |       ||     3
 Stab: Sleeping          |     2 |       ||     2
  Eat: Chunk             |     2 |       ||     2
Armor: Robe              |    19 |       ||    19
Dodge: Dodged            |    67 |    10 ||    77
